 Dungeon Crawl Stone Soup version 0.29.1-15-g9cfb28693d (webtiles) character file.

Game seed: 1848487250616607759

64625 nonceun the Severer (level 14, -18/133 HPs)
             Began as a Minotaur Berserker on Mar 3, 2023.
             Was a High Priest of Trog.
             Demolished by an ettin
             ... wielding a +0 dire flail
              (32 damage)
             ... on level 1 of the Orcish Mines.
             The game lasted 01:51:11 (18538 turns).

nonceun the Severer (Minotaur Berserker)           Turns: 18538, Time: 01:51:11

Health: -18/133    AC: 32    Str: 27    XL:     14   Next: 72%
Magic:  13/13      EV:  8    Int:  3    God:    Trog [*****.]
Gold:   62         SH: 26    Dex: 10    Spells: 13/13 levels left

rFire   . . .      SeeInvis +   a - +4 broad axe (vorpal)
rCold   + . .      Faith    .   r - +10 tower shield of Ignorance {rN+ Int-4}
rNeg    + + .      Spirit   .   Y - +0 plate armour {rPois}
rPois   +          Reflect  .   K - +2 hat
rElec   .          Harm     .   H - +2 ratskin cloak {*Rats rPois rN+ Str-1 Int-1 Dex+1}
rCorr   +          Rampage  .   X - +2 pair of gloves
Will    +++..                   R - +1 pair of boots
Stlth   ..........              I - amulet of regeneration
HPRegen 2.12/turn               s - ring of resist corrosion
MPRegen 0.13/turn               v - ring "Velanud" {AC+4 Int+4}

@: strong-willed, on berserk cooldown, regenerating, slowed, very slow
A: horns 2, retaliatory headbutt, camouflage 1, see invisible, cold resistance 1
a: Renounce Religion, Berserk, Trog's Hand, Brothers in Arms


You were on level 1 of the Orcish Mines.
You worshipped Trog.
Trog was extremely pleased with you.
You visited 3 branches of the dungeon, and saw 20 of its levels.
You also visited: Bailey and Ice Cave.

You collected 926 gold pieces.
You spent 864 gold pieces at shops.

Inventory:

Hand Weapons
 a - a +4 vorpal broad axe (weapon)
 b - a +5 demon trident of protection
Missiles
 c - 6 throwing nets
 l - 218 stones (quivered)
Armour
 r - the +10 tower shield of Ignorance (worn) {rN+ Int-4}
   (You found it in a bailey)

   Int:       It affects your intelligence (-4).
   rN:        It protects you from negative energy.
 x - a +3 scale mail of fire resistance
 y - a +2 pair of boots of flying
 H - the +2 ratskin cloak (worn) {*Rats rPois rN+ Str-1 Int-1 Dex+1}
   (You found it on level 6 of the Dungeon)

   When the wearer is hurt, rats may emerge from it to assist them.
   Str:       It affects your strength (-1).
   Int:       It affects your intelligence (-1).
   Dex:       It affects your dexterity (+1).
   rPois:     It protects you from poison.
   rN:        It protects you from negative energy.
 J - the +1 ice dragon scales of the Blessed Realm {rPois rF- rC++}
   (You found it in an ice cave)

   rF:        It makes you vulnerable to fire.
   rC:        It greatly protects you from cold.
   rPois:     It protects you from poison.
 K - a +2 hat (worn)
 R - a +1 pair of boots (worn)
 X - a +2 pair of gloves (worn)
 Y - a +0 plate armour of poison resistance (worn)
 Z - a +1 hat of stealth
Jewellery
 q - the amulet "Uqou" {Acrobat Str+2}
   (You found it in a bailey)

   [amulet of the acrobat]

   It increases your evasion while moving and waiting.
   Str:       It affects your strength (+2).
 s - a ring of resist corrosion (left hand)
 v - the ring "Velanud" (right hand) {AC+4 Int+4}
   (You found it on level 11 of the Dungeon)

   [ring of protection]

   AC:        It affects your AC (+4).
   Int:       It affects your intelligence (+4).
 I - an amulet of regeneration (around neck)
 M - a ring of ice
Wands
 B - a wand of flame (19)
 G - a wand of acid (6)
 L - a wand of iceblast (15)
 Q - a wand of paralysis (2)
 T - a wand of polymorph (5)
 V - a wand of mindburst (19)
Scrolls
 j - 3 scrolls of enchant weapon
 m - 4 scrolls of poison
 o - 3 scrolls of magic mapping
 t - 9 scrolls of teleportation
 z - 4 scrolls of blinking
 E - 4 scrolls of fear
Potions
 d - 7 potions of cancellation
 e - 4 potions of lignification
 g - 9 potions of haste
 i - 12 potions of curing
 n - 3 potions of might
 p - 5 potions of heal wounds
 F - a potion of ambrosia
 P - 2 potions of attraction
 U - 3 potions of invisibility
 W - a potion of flight
Miscellaneous
 O - a tin of tremorstones (2/2)


   Skills:
 * Level 14.5 Fighting
 - Level 17.5(18.2) Axes
 + Level 8.0(13.8) Polearms
 * Level 14.0 Armour
 - Level 8.0 Dodging
 * Level 13.1 Shields
 * Level 1.7 Evocations


You had 13 spell levels left.
You didn't know any spells.
Your spell library contained the following spells:

 Spells                   Type           Power      Damage    Failure   Level
 Apportation              Tloc           0%         N/A       100%        1
 Beastly Appendage        Tmut           0%         N/A       100%        1
 Magic Dart               Conj           0%         1d3       100%        1
 Necrotise                Necr           0%         1d4       100%        1
 Shock                    Conj/Air       0%         1d3       100%        1
 Summon Small Mammal      Summ           0%         N/A       100%        1
 Blink                    Tloc           0%         N/A       100%        2
 Call Imp                 Summ           0%         N/A       100%        2
 Wereblood                Tmut           0%         N/A       100%        2
 Mephitic Cloud           Conj/Pois/Air  0%         N/A       100%        3
 Spider Form              Tmut/Pois      0%         N/A       100%        3
 Swiftness                Air            0%         N/A       100%        3
 Airstrike                Air            0%         2d(0-16)  100%        4
 Summon Lightning Spire   Summ/Air       0%         N/A       100%        4
 Lightning Bolt           Conj/Air       0%         1d11      100%        5
 Manifold Assault         Tloc           0%         N/A       100%        5
 Summon Forest            Summ/Tloc      0%         N/A       100%        5
 Eringya's Noxious Bog    Tmut/Pois      0%         N/A       100%        6
 Storm Form               Tmut/Air       0%         N/A       100%        7
 Summon Hydra             Summ           0%         N/A       100%        7


Dungeon Overview and Level Annotations

Branches:
Dungeon (13/15)            Temple (0/1) D:4            Lair (5/5) D:8
 Shoals (0/4) Lair:3        Snake (0/4) Lair:2        Slime (0/5) Lair:4
    Orc (2/2) D:10            Elf (0/3) Orc:2        Bailey (visited)
  IceCv (visited)
 Vaults: D:13-14

Altars:
Dithmenos
Qazlal
Wu Jian
Yredelemnul

Shops:
D:5 =   D:6 !   D:11 (=*([   D:12 :![*   Orc:2 *

Annotations:
Lair:5 exclusion: 3 doors


Innate Abilities, Weirdness & Mutations

You have a pair of horns on your head.
You reflexively headbutt those who attack you in melee.
Your skin changes colour to match your surroundings (Stealth+).
You have supernaturally acute eyesight. (SInv)
Your flesh is cold resistant. (rC+)


Message History

You kill the orc!
Trog accepts your kill.
You hit the cyclops but do no damage.
You feel less confused.
The orc wizard gestures at you while chanting.
You resist with almost no effort. The cyclops hits you!
* * * LOW HITPOINT WARNING * * *
You block the ettin's attack. x2
A cyclops comes into view.
Your skin crawls.
You feel strong-willed. You block the orc wizard's attack.
The ettin hits you with a +0 dire flail.
* * * LOW HITPOINT WARNING * * *
The ettin hits you with a +0 dire flail!
* * * LOW HITPOINT WARNING * * *
The cyclops hits you but does no damage.
A red film seems to cover your vision as you go berserk!
You feel yourself moving faster!
You feel mighty! The orc wizard barely misses you.
The orc wizard gestures wildly while chanting.
The orc wizard flickers and vanishes for a moment.
The ettin hits you with a +0 dire flail!!
* * * LOW HITPOINT WARNING * * *
You block the ettin's attack.
You feel a strong urge to attack something.
The orc wizard gestures at you while chanting.
The magic dart hits you but does no damage.
There is a stone staircase leading up here.
You climb upwards.
You feel your anger nearly subside.
You are no longer berserk.
You are exhausted.
You feel yourself slow down.
There is a stone staircase leading down here.
You hit the cyclops. You headbutt the cyclops.
The cyclops is moderately wounded.
You hit the cyclops. You completely miss the ettin.
You block the ettin's attack.
The ettin hits you with a +0 dire flail!!
You die...

##.......)..##
###....##)[[...##
#.....####......#
##.#..###......##
####..##.....##
##.......##
##.....##
#.CCC.## ##.@.##
##.## ###


You could see an ettin and 2 cyclopes.

Vanquished Creatures
  An azure jelly (IceCv)
  A quicksilver ooze (IceCv)
  Nessos (Lair:4)
  Snorg (D:11)
  2 boulder beetles (D:12)
  5 hydras
  3 two-headed ogres
  15 death yaks
  Urug (Lair:1)
  An ugly thing (D:13)
  3 cyclopes (D:11)
  A manticore (D:12)
  6 black mambas
  5 centaur zombies (D:11)
  6 elephants (Lair:4)
  A torpor snail (Lair:2)
  An ice statue (IceCv)
  10 cane toads
  3 gargoyles
  8 komodo dragons
  An unseen horror (D:12)
  2 rime drakes
  2 ice devils (D:13)
  4 trolls
  2 polar bears
  2 hornets
  Prince Ribbit (D:4)
  8 blink frogs
  15 slime creatures
  2 meliai zombies (D:11)
  A snapping turtle (Lair:3)
  3 dream sheep (D:10)
  Sigmund (D:2)
  2 wraiths (D:9)
  2 shadows
  5 wyverns
  44 yaks
  A vampire (Bailey)
  5 basilisks
  Grum (D:9)
  A steam dragon (D:7)
  2 vampire mosquitoes (D:11)
  4 nagas (Lair:2)
  8 water moccasins
  4 orc warriors
  5 ice beasts
  3 sky beasts
  4 black bears
  2 great orb of eyes simulacra (IceCv)
  4 ogres
  4 wolves (D:9)
  13 centaurs
  A phantom (D:6)
  A slime creature simulacrum (IceCv)
  2 gnoll sergeants
  2 kobold brigands
  14 bullfrogs
  5 scorpions
  6 glowing shapeshifter simulacra (IceCv)
  6 wights (D:7)
  13 killer bees
  3 howler monkeys
  6 vampire bats (Bailey)
  An electric eel (Lair:3)
  6 wolf zombies (Bailey)
  2 jellies (D:4)
  5 orc priests
  A gnoll bouda (D:10)
  2 hounds
  4 iguanas
  12 orc wizards
  A shapeshifter simulacrum (IceCv)
  A howler monkey zombie (D:11)
  11 gnolls
  9 adders
  3 white imps
  4 ufetubi
  3 worms
  7 dart slugs
  24 orcs
  9 endoplasms
  4 giant cockroaches
  10 goblins
  12 hobgoblins
  4 jackals (D:1)
  19 kobolds
  3 quokkas
  8 ball pythons
  3 bats
  4 frilled lizards
  20 orc zombies (Bailey)
  7 rats
491 creatures vanquished.

Vanquished Creatures (collateral kills)
  A hydra (Lair:2)
  A death yak (Lair:1)
  An oklob plant (Lair:5)
  4 slime creatures (IceCv)
  2 ice statues (IceCv)
  2 meliai zombies (D:11)
  A slime creature simulacrum (IceCv)
  A wight (D:7)
  A shapeshifter simulacrum (IceCv)
  A howler monkey zombie (D:11)
15 creatures vanquished.

Vanquished Creatures (others)
  A bush (Lair:4)
  9 fungi
  10 plants
  32 withered plants (Lair:5)
52 creatures vanquished.

Grand Total: 558 creatures vanquished

Notes
Turn   | Place    | Note
-------+----------+-------------------------------------------
     0 | D:1      | nonceun the Minotaur Berserker began the quest for the Orb.
     0 | D:1      | Reached XP level 1. HP: 19/19 MP: 0/0
    86 | D:1      | Found a faded altar of an unknown god.
    95 | D:1      | Reached skill level 4 in Axes
   113 | D:1      | Reached XP level 2. HP: 21/26 MP: 1/1
   290 | D:1      | Reached skill level 5 in Axes
   366 | D:1      | Reached XP level 3. HP: 31/31 MP: 2/2
   460 | D:1      | Reached ** piety under Trog
   842 | D:2      | Reached skill level 6 in Axes
   842 | D:2      | Reached XP level 4. HP: 39/39 MP: 3/3
   889 | D:2      | Noticed Sigmund
   908 | D:2      | Killed Sigmund
   909 | D:2      | Reached skill level 7 in Axes
   909 | D:2      | Reached XP level 5. HP: 24/45 MP: 4/4
  1091 | D:2      | Reached skill level 8 in Axes
  1232 | D:2      | You fall into a shaft and drop 1 floor!
  1540 | D:3      | Reached XP level 6. HP: 19/51 MP: 5/5
  1549 | D:2      | HP: 2/51 [poisoned by an orc wizard]
  1903 | D:3      | Found a stormy altar of Qazlal.
  1929 | D:3      | Reached *** piety under Trog
  2493 | D:4      | Found a staircase to the Ecumenical Temple.
  2653 | D:4      | Reached skill level 9 in Axes
  3098 | D:4      | Reached XP level 7. HP: 38/57 MP: 6/6
  3245 | D:4      | Reached skill level 10 in Axes
  3733 | D:4      | Reached skill level 11 in Axes
  4016 | D:5      | Entered Level 5 of the Dungeon
  4016 | D:5      | Noticed Prince Ribbit
  4043 | D:4      | Killed Prince Ribbit
  4044 | D:4      | Reached skill level 5 in Fighting
  4044 | D:4      | Reached XP level 8. HP: 56/68 MP: 5/7
  4109 | D:5      | HP: 3/68 [ogre/+0 giant club (20)]
  4488 | D:5      | Found an ornate altar of the Wu Jian Council.
  4605 | D:5      | Reached skill level 12 in Axes
  4678 | D:5      | Found Xielyof's Jewellery Shoppe.
  4780 | D:5      | Found a shadowy altar of Dithmenos.
  5119 | D:6      | Noticed a troll
  5140 | D:6      | Reached skill level 1 in Shields
  5195 | D:6      | Killed a troll
  5196 | D:6      | Reached XP level 9. HP: 61/78 MP: 4/8
  5291 | D:6      | Reached skill level 5 in Armour
  5483 | D:6      | Reached **** piety under Trog
  5510 | D:6      | Found the +2 ratskin cloak {*Rats rPois rN+ Str-1 Int-1
                  | Dex+1}
  5575 | D:6      | Found Kydaf's Distillery.
  5583 | D:6      | Bought a potion of curing for 30 gold pieces
  5583 | D:6      | Bought a potion of curing for 30 gold pieces
  5583 | D:6      | Bought a potion of curing for 30 gold pieces
  5583 | D:6      | Bought a potion of curing for 30 gold pieces
  5583 | D:6      | Bought a potion of attraction for 30 gold pieces
  5583 | D:6      | Bought a potion of lignification for 30 gold pieces
  6071 | D:7      | Reached skill level 13 in Axes
  6289 | D:7      | Reached skill level 5 in Dodging
  6580 | D:7      | Reached XP level 10. HP: 88/88 MP: 9/9
  6928 | D:8      | Reached skill level 5 in Shields
  7546 | D:8      | Found a staircase to the Lair.
  7670 | Lair:1   | Entered Level 1 of the Lair of Beasts
  7710 | Lair:1   | Reached skill level 14 in Axes
  7739 | Lair:1   | Noticed a cane toad
  7751 | Lair:1   | Killed a cane toad
  7789 | Lair:1   | Noticed a cane toad
  7794 | Lair:1   | Killed a cane toad
  7964 | Lair:1   | Noticed a death yak
  7964 | Lair:1   | Noticed a death yak
  7994 | Lair:1   | Killed a death yak
  8002 | Lair:1   | Noticed a death yak
  8002 | Lair:1   | Noticed a death yak
  8002 | Lair:1   | Noticed a cane toad
  8002 | Lair:1   | Noticed a death yak
  8005 | Lair:1   | Noticed a death yak
  8015 | Lair:1   | Killed a death yak
  8057 | Lair:1   | Killed a cane toad
  8063 | Lair:1   | Killed a death yak
  8064 | Lair:1   | Reached skill level 15 in Axes
  8064 | Lair:1   | Reached XP level 11. HP: 71/97 MP: 10/10
  8067 | Lair:1   | Killed a death yak
  8072 | Lair:1   | Killed a death yak
  8452 | Lair:1   | Reached skill level 16 in Axes
  8459 | Lair:1   | Identified the +0 robe "Rurcheffo" {-Tele *Slow rElec
                  | rF+++}
  8854 | Lair:2   | Noticed Urug
  8872 | Lair:2   | Noticed a death yak
  8885 | Lair:1   | Killed Urug
  8886 | Lair:1   | Reached skill level 10 in Fighting
  8948 | Lair:1   | Killed a death yak
  9155 | Lair:2   | Noticed a death yak
  9155 | Lair:2   | Noticed a death yak
  9172 | Lair:2   | Noticed a death yak
  9178 | Lair:2   | Killed a death yak
  9187 | Lair:2   | Killed a death yak
  9188 | Lair:2   | Reached skill level 10 in Armour
  9195 | Lair:2   | Killed a death yak
  9199 | Lair:2   | Killed a death yak
  9200 | Lair:2   | Reached XP level 12. HP: 95/106 MP: 11/11
  9261 | Lair:2   | Noticed a seven-headed hydra
  9353 | Lair:2   | Killed a seven-headed hydra
  9655 | Lair:2   | Found a staircase to the Snake Pit.
 10051 | Lair:3   | Noticed an eight-headed hydra
 10070 | Lair:3   | Killed an eight-headed hydra
 10401 | Lair:3   | Noticed a death yak
 10401 | Lair:3   | Noticed a death yak
 10401 | Lair:3   | Noticed a death yak
 10401 | Lair:3   | Noticed a death yak
 10402 | Lair:3   | Noticed a death yak
 10403 | Lair:3   | Noticed a death yak
 10417 | Lair:3   | Killed a death yak
 10431 | Lair:3   | Killed a death yak
 10432 | Lair:3   | Reached skill level 10 in Shields
 10438 | Lair:3   | Killed a death yak
 10448 | Lair:3   | Killed a death yak
 10456 | Lair:3   | Killed a death yak
 10465 | Lair:3   | Killed a death yak
 10782 | Lair:3   | Identified the +3 spear of Reto {vorpal, *Noise rPois Dex+6
                  | Stlth+}
 10995 | Lair:3   | Found a staircase to the Shoals.
 11288 | Lair:4   | Found a staircase to the Slime Pits.
 11403 | Lair:4   | Noticed a seven-headed hydra
 11429 | Lair:3   | Killed a seven-headed hydra
 11509 | Lair:3   | Reached XP level 13. HP: 119/119 MP: 12/12
 11905 | Lair:4   | Noticed Nessos
 11917 | Lair:4   | Killed Nessos
 12293 | Lair:5   | Entered Level 5 of the Lair of Beasts
 12425 | Lair:5   | Reached ***** piety under Trog
 13408 | D:9      | Reached skill level 17 in Axes
 13504 | D:9      | Noticed Grum
 13528 | D:9      | Killed Grum
 13870 | D:10     | Entered Level 10 of the Dungeon
 13899 | D:10     | Found a flagged portal.
 13934 | Bailey   | Entered a bailey
 14101 | Bailey   | Identified the amulet "Uqou" {Acrobat Str+2}
 14221 | Bailey   | Reached skill level 1 in Polearms
 14251 | Bailey   | Found the +10 tower shield of Ignorance {rN+ Int-4}
 14302 | Bailey   | Identified the +4 scimitar of Pasou {speed, Fly rElec}
 14415 | D:10     | Gained mutation: Potions are less effective at restoring
                  | your health. [potion of mutation]
 14416 | D:10     | Lost mutation: Potions are less effective at restoring your
                  | health. [potion of mutation]
 14416 | D:10     | Gained mutation: Your flesh is cold resistant. (rC+)
                  | [potion of mutation]
 14416 | D:10     | Gained mutation: Your skin changes colour to match your
                  | surroundings (Stealth+). [potion of mutation]
 14416 | D:10     | Gained mutation: You have supernaturally acute eyesight.
                  | (SInv) [potion of mutation]
 14862 | D:10     | Reached skill level 1 in Evocations
 15137 | D:10     | Paralysed by a hornet for 3 turns
 15144 | D:10     | Received a gift from Trog
 15151 | D:10     | Found a staircase to the Orcish Mines.
 15538 | D:11     | Identified the ring "Velanud" {AC+4 Int+4}
 15595 | D:11     | Noticed Snorg
 15610 | D:11     | Killed Snorg
 15620 | D:11     | Reached XP level 14. HP: 127/130 MP: 13/13
 15633 | D:11     | Found Jodei's Weapon Boutique.
 15714 | D:11     | Found Niapeim's Assorted Antiques.
 15732 | D:11     | Found Afiopp's Weapon Shop.
 15737 | D:11     | Found Otaihim's Jewellery Boutique.
 15843 | D:11     | Reached skill level 5 in Polearms
 15853 | D:11     | Found a basalt altar of Yredelemnul.
 15922 | D:11     | Found Xuqyit's Antique Armour Shop.
 15927 | D:11     | Bought a glowing plate armour for 650 gold pieces
 16116 | D:12     | Found Neusad's General Store.
 16120 | D:12     | Found Seajad's Antique Armour Shop.
 16138 | D:12     | Bought a potion of degeneration for 11 gold pieces
 16346 | D:11     | Bought a scroll labelled GYULOU KUEKHLAG for 23 gold pieces
 16347 | D:11     | Identified a scroll of acquirement
 16401 | D:12     | Found Yteperol's Book Shop.
 16677 | D:12     | Found Jecsups's Distillery.
 17383 | D:13     | Found a frozen archway.
 17415 | IceCv    | Entered an ice cave
 17425 | IceCv    | Received a gift from Trog
 17875 | IceCv    | Noticed a quicksilver ooze
 17882 | IceCv    | Killed a quicksilver ooze
 17891 | IceCv    | Found a viscous altar of Jiyva.
 17891 | IceCv    | Noticed an azure jelly
 17909 | IceCv    | Killed an azure jelly
 17949 | IceCv    | Identified the +1 ice dragon scales of the Blessed Realm
                  | {rPois rF- rC++}
 18482 | Orc:1    | Entered Level 1 of the Orcish Mines
 18518 | Orc:2    | Entered Level 2 of the Orcish Mines
 18518 | Orc:2    | Found Tulyju's General Store.
 18519 | Orc:2    | Found a staircase to the Elven Halls.
 18538 | Orc:1    | Demolished by an ettin

Illustrated notes

Levels and vault maps discovered:
D:1:      dpeg_arrival_erosion, layout_rooms, basic_ecumenical_altar,
          minmay_misc_feat_chi, serial_bayou_ford_a,
          chequers_serial_rivers_marsh, minmay_misc_feat_five
D:2:      layout_basic, uniq_sigmund
D:3:      layout_basic, nicolae_qazlal_eye_of_the_storm, grunt_decor_arrowhead
D:4:      cheibrodos_barr_body, layout_basic, minmay_temple_entry_mist,
          corexii_checkpoint_b
D:5:      layout_rooms, nzn_wu_jian_contemplation,
          grunt_dithmenos_smoke_and_mirrors, serial_shops,
          nicolae_inconvenience_store, uniq_prince_ribbit1
D:6:      layout_basic, serial_shops, shop, minmay_joined_circles
D:7:      layout_loops_corners, serial_aquarium, aquarium_bridge_long_joined
          [aquarium_subvault_bridge, aquarium_subvault_balcony,
          aquarium_subvault_wall, aquarium_subvault_wall,
          aquarium_subvault_bridge, aquarium_subvault_bridge],
          aquarium_window_2, aquarium_window_2, aquarium_view_2a
D:8:      layout_loops_ring, lair_entry_dummy, hex_tiny
D:9:      layout_big_octagon, st_stairs_2, uniq_grum
D:10:     layout_irregular_city, orc_0_dummy, enter_bailey_5,
          nicolae_concentric_dashed_squares_mild, dreamdust_gnoll_shepherd
D:11:     layout_rooms, serial_shops, nicolae_shop_bloodbath_and_beyond, shop,
          nicolae_take_the_stairs, nicolae_diamond_shop,
          nicolae_shop_hallway_plus, nicolae_yredelemnul_corpse_copse,
          uniq_snorg
D:12:     layout_long_grid, serial_shops, shop, kennysheep_mini_moat,
          nicolae_shop_hallway_plus, nicolae_shop_hallway_stairs
D:13:     lemuel_traditional_vault, layout_stronghold,
          grunt_vaults_entry_fortified, serial_ice, serial_ice_d, serial_ice_h,
          serial_ice_a, serial_ice_b, serial_ice_g, serial_ice_n, serial_ice_m,
          portal_ice_cave_demonic_guard, nicolae_trove_entry_crystal
Lair:1:   layout_chaotic_city, grunt_megastairs_3
Lair:2:   layout_roguey, minmay_snake_entry_guardpost_medium, lemuel_fruit_tree,
          uniq_urug
Lair:3:   layout_regular_city, minmay_shoals_entry_hut
Lair:4:   layout_long_grid, slime_entry_1, kennysheep_basilisk_garden,
          uniq_nessos
Lair:5:   due_jungle_book, layout_gridlike
Orc:1:    layout_diamond_mine, serial_shops, nicolae_shop_waterfront
Orc:2:    grunt_orc_gardens, layout_caves, grunt_orc_garden, grunt_orc_garden,
          grunt_orc_garden, grunt_orc_garden, basic_altar, minmay_orc_keep

Skill      XL: |  1  2  3  4  5  6  7  8  9 10 11 12 13 14 |
---------------+-------------------------------------------+-----
Axes           | 4 5 6 7 8 9 11 12 13 15 16 17 | 17.5
Fighting       | 5 6 7 9 10 12 13 14 | 14.5
Armour         | 4 5 7 10 12 13 14 | 14.0
Dodging        | 3 5 6 8 |  8.0
Shields        | 1 4 6 8 10 11 13 | 13.1
Polearms       | 4 8 |  8.0
Evocations     | 1 |  1.7

Action                   |  1- 3 |  4- 6 |  7- 9 | 10-12 | 13-15 || total
-------------------------+-------+-------+-------+-------+-------++-------
Melee: Hand axe          |    72 |   126 |   210 |       |       ||   408
       Headbutt          |    11 |    18 |    69 |   126 |   197 ||   421
       Punch             |     1 |     2 |       |       |       ||     3
       War axe           |       |       |    96 |   571 |    85 ||   752
       Demon trident     |       |       |       |    18 |   797 ||   815
       Broad axe         |       |       |       |       |    15 ||    15
Invok: Trog's Hand       |       |     2 |     5 |    11 |     5 ||    23
       Berserk           |       |     1 |     1 |     3 |     1 ||     6
       Brothers in Arms  |       |       |       |       |     3 ||     3
Evoke: Wand              |       |       |       |     1 |       ||     1
  Use: Scroll            |       |       |       |       |    33 ||    33
       Potion            |       |       |       |       |     3 ||     3
 Stab: Distracted        |       |       |       |     1 |     2 ||     3
Armor: Chain mail        |    22 |    83 |   104 |   212 |   302 ||   723
       Skin              |       |       |       |       |    29 ||    29
       Plate armour      |       |       |       |       |     4 ||     4
Dodge: Dodged            |    22 |    45 |    80 |   129 |   228 ||   504
Block: Buckler           |       |       |    31 |   115 |   159 ||   305
       Tower shield      |       |       |       |       |   374 ||   374
